 Dungeon Crawl Stone Soup version 0.25.0-10-g039870ee82 (webtiles) character file.

Game seed: 17755988581223963751

13992 funkygono the Basher (level 11, 0/97 HPs)
             Began as a Minotaur Fighter on June 23, 2020.
             Was a High Priest of Okawaru.
             Slain by a tengu warrior
             ... wielding a +0 bardiche
              (14 damage)
             ... on level 11 of the Dungeon.
             The game lasted 00:26:54 (10322 turns).

funkygono the Basher (Minotaur Fighter)            Turns: 10322, Time: 00:26:54

Health: 0/97       AC: 10    Str: 24    XL:     11   Next: 82%
Magic:  21/21      EV: 16    Int:  5    God:    Okawaru [*****.]
Gold:   776        SH: 16    Dex: 13    Spells: 10/10 levels left

rFire    . . .     SeeInvis .   F - +5 morningstar (flame)
rCold    . . .     Gourm    .   c - +2 kite shield
rNeg     + + .     Faith    .   L - +0 scale mail "Xacvuifofu" {+Fly rCorr Dex+3} (curse)
rPois    .         Spirit   .   (helmet restricted)
rElec    +         Reflect  .   M - +0 cloak {MR+}
rCorr    +         Harm     .   E - +0 pair of gloves
MR       +....                  K - +0 pair of boots "Muttis" {*Corrode rElec rN+} (curse)
Stlth    +++.......             (no amulet)
HPRegen  0.26/turn              N - ring of magical power
MPRegen  0.17/turn              k - ring of positive energy

@: mighty, heroism, corroded
A: retaliatory headbutt, horns 2
a: Heroism, Finesse, Renounce Religion, Evoke Flight


You were on level 11 of the Dungeon.
You worshipped Okawaru.
Okawaru was extremely pleased with you.
You were not hungry.

You visited 2 branches of the dungeon, and saw 12 of its levels.

You collected 776 gold pieces.

Inventory:

Hand Weapons
 a - a +2 flail
 C - a +2 quarterstaff of chaos
 F - a +5 morningstar of flaming (weapon)
 J - a +3 flail of draining
 R - the +8 long sword of Kismet {drain, +Blink rPois Str-2}
   (You found it on level 9 of the Dungeon)

   A truly terrible weapon, it drains the life of those it strikes.
   It affects your strength (-2).
   It protects you from poison.
   It lets you blink.
 T - a +5 rapier of draining
Missiles
 p - 57 bolts
Armour
 b - a +0 scale mail
 c - a +2 kite shield (worn)
 n - a scarf of resistance
 s - a +1 plate armour
 u - a +0 cloak
 y - the +0 leather armour "Ulyagguaho" {rElec rPois Regen+ Stlth+}
   (You found it on level 5 of the Dungeon)

   It insulates you from electricity.
   It protects you from poison.
   It increases your rate of regeneration.
   It makes you more stealthy.
 E - a +0 pair of gloves (worn)
 K - the cursed +0 pair of boots "Muttis" (worn) {*Corrode rElec rN+}
   (You found it on level 9 of the Dungeon)

   It insulates you from electricity.
   It protects you from negative energy.
   It may corrode you when you take damage.
   It has a curse placed upon it.
 L - the cursed +0 scale mail "Xacvuifofu" (worn) {+Fly rCorr Dex+3}
   (You found it on level 9 of the Dungeon)

   It affects your dexterity (+3).
   It lets you fly.
   It provides partial protection from all sources of acid and corrosion.
   It has a curse placed upon it.
 M - a +0 cloak of magic resistance (worn)
 Q - a +0 troll leather armour
Jewellery
 k - a ring of positive energy (right hand)
 l - an uncursed ring of stealth
 N - a ring of magical power (left hand)
Wands
 v - a wand of enslavement (26)
 A - a wand of flame (11)
 S - a wand of acid (1)
Scrolls
 i - 12 scrolls of teleportation
 j - 5 scrolls of remove curse
 o - a scroll of fog
 B - 2 scrolls of fear
 G - 2 scrolls of blinking
Potions
 d - a potion of might
 e - 3 potions of stabbing
 h - 4 potions of curing
 m - 4 potions of lignification
 q - 2 potions of flight
 r - 2 potions of berserk rage
 t - 2 potions of invisibility
 w - 2 potions of ambrosia
 x - a potion of magic
 z - a potion of resistance {unknown}
 D - a potion of brilliance
 H - a potion of mutation {unknown}
 I - 2 potions of haste
Miscellaneous
 O - a phial of floods (inert)
 P - a lightning rod (4/4)
Comestibles
 f - 24 rations
 g - a chunk of flesh


   Skills:
 + Level 9.6(14.6) Fighting
 + Level 3.6(8.6) Long Blades
 + Level 13.0(18.0) Maces & Flails
 + Level 8.0(13.0) Armour
 + Level 5.1(10.1) Dodging
 + Level 5.8(10.8) Stealth
 + Level 10.7(15.7) Shields
 + Level 2.8 Invocations
 + Level 1.4 Evocations


You had 10 spell levels left.
You didn't know any spells.
Your spell library contained the following spells:

 Spells                   Type           Power        Failure   Level  Hunger
 Animate Skeleton         Necr           N/A          71%         1    ##.....
 Apportation              Tloc           #.....       71%         1    ##.....
 Beastly Appendage        Tmut           #.....       71%         1    ##.....
 Corona                   Hex            #......      71%         1    ##.....
 Magic Dart               Conj           #...         71%         1    ##.....
 Summon Small Mammal      Summ           #...         71%         1    ##.....
 Call Imp                 Summ           #.......     83%         2    ###....
 Poisonous Vapours        Pois/Air       #.....       83%         2    ###....
 Searing Ray              Conj           #.....       83%         2    ###....
 Sticks to Snakes         Tmut           #.......     83%         2    ###....
 Call Canine Familiar     Summ           #.......     97%         3    ####...
 Confusing Touch          Hex            #.......     97%         3    ####...
 Conjure Flame            Conj/Fire      #.......     97%         3    ####...
 Dazzling Flash           Conj/Hex       #.....       97%         3    ####...
 Mephitic Cloud           Conj/Pois/Air  #.......     97%         3    ####...
 Spider Form              Tmut/Pois      #.........   97%         3    ####...
 Summon Guardian Golem    Hex/Summ       #.......     97%         3    ####...
 Fulminant Prism          Conj/Hex       #.........   100%        4    #####..
 Ice Form                 Ice/Tmut       #.......     100%        4    #####..
 Iskenderun's Mystic Bla  Conj/Tloc      #.......     100%        4    #####..
 Summon Ice Beast         Ice/Summ       #.......     100%        4    #####..
 Summon Lightning Spire   Summ/Air       #.......     100%        4    #####..
 Blade Hands              Tmut           #.........   100%        5    ######.
 Summon Mana Viper        Hex/Summ       #.......     100%        5    ######.
 Freezing Cloud           Conj/Ice/Air   #.........   100%        6    #######
 Ring of Flames           Chrm/Fire      #.........   100%        7    #######
 Controlled Blink         Tloc           N/A          100%        8    #######


Dungeon Overview and Level Annotations

Branches:
Dungeon (11/15)            Temple (1/1) D:4            Lair (0/6) D:11
    Orc (0/2) D:11

Altars:
Ashenzari
Cheibriados
Dithmenos
Elyvilon
Fedhas
Gozag
Hepliaklqana
Kikubaaqudgha
Makhleb
Nemelex Xobeh
Okawaru
Qazlal
Ru
Sif Muna
Trog
Uskayaw
Vehumet
Wu Jian
Xom
Yredelemnul
Zin
The Shining One

Shops:
D:4 }   D:5 !   D:7 =((*[


Innate Abilities, Weirdness & Mutations

You reflexively headbutt those who attack you in melee.
You have a pair of horns on your head.


Message History

You headbutt the tengu warrior!
You block the tengu warrior's attack. x2
You sock the tengu warrior! You burn the tengu warrior.
The tengu warrior is almost dead.
You block the tengu warrior's attack.
The tengu warrior pecks you but does no damage.
The tengu warrior misses you.
You closely miss the tengu warrior. Your headbutt misses the tengu warrior.
The tengu warrior is almost dead.
The tengu warrior hits you with a +0 glaive!
* * * LOW HITPOINT WARNING * * *
The tengu warrior pecks you but does no damage.
The tengu warrior closely misses you.
You closely miss the tengu warrior. You headbutt the tengu warrior.
You kill the tengu warrior!
Okawaru is honoured by your kill. Something appears at your feet!
Okawaru grants you a weapon!
Your base Maces & Flails skill increases to level 13!
The tengu warrior hits you with a +0 bardiche!
You die...

#....####.##.#
.
#...>#..#....#
#....#..######
#....#..##..#
#....#..##..#
#.##.#..)...#
#.##.#......#
#....#..##.Q#
#....#..##@.#
#....#..#.).#
#.##.#..#...#
#.##รท#'######.
#.............
#.....##......
#.............
#.............
##############


You could see a tengu warrior.

Vanquished Creatures
  Snorg (D:10)
  Harold (D:9)
  Erica (D:8)
  A centaur warrior (D:9)
  A two-headed ogre (D:9)
  A tengu warrior (D:11)
  An orc knight (D:9)
  Joseph (D:7)
  Grum (D:9)
  2 trolls (D:9)
  Grinder (D:5)
  A hippogriff (D:9)
  2 wyverns
  The ghost of Raspi the Chopper, an amateur HOFi (D:3)
  4 yaks
  Eustachio (D:4)
  A human (D:9)
  2 hogs (D:9)
  5 hungry ghosts
  Menkaure (D:4)
  2 wolves (D:9)
  2 two-headed ogre zombies (D:11)
  A water moccasin (D:9)
  A porcupine (D:11)
  An orc warrior (D:6)
  3 sky beasts (D:9)
  3 black bears
  An ice beast (D:9)
  8 ogres
  A phantom (D:7)
  2 necrophages
  3 centaurs
  A crocodile (D:11)
  A big kobold (D:7)
  6 bullfrogs
  Blork the orc (D:5)
  4 scorpions
  A troll zombie (D:11)
  14 killer bees (D:10)
  3 wights (D:10)
  3 howler monkeys (D:10)
  5 crimson imps
  A bullfrog zombie (D:7)
  Crazy Yiuf (D:5)
  2 centaur zombies
  3 orc priests
  A centaur skeleton (D:4)
  6 hounds
  3 jellies
  3 bullfrog skeletons
  5 iguanas
  Ijyb (D:5)
  7 worker ants
  4 orc wizards
  A killer bee zombie (D:8)
  5 ogre zombies (D:11)
  A howler monkey zombie (D:7)
  A worker ant zombie (D:9)
  4 gnolls
  14 adders
  5 shadow imps
  2 white imps (D:10)
  A worker ant simulacrum (D:10)
  An ufetubus (D:10)
  An adder zombie (D:9)
  4 worms
  A dart slug (D:1)
  4 leopard geckos
  18 orcs
  A ball python (D:2)
  4 giant cockroaches
  6 goblins
  11 hobgoblins
  12 jackals
  8 quokkas
  10 bats
  6 frilled lizards
  2 goblin zombies (D:11)
  2 hobgoblin skeletons (D:11)
  2 hobgoblin zombies (D:11)
  11 kobolds
  3 leopard gecko zombies
  An orc skeleton (D:11)
  17 orc zombies (D:11)
  A quokka skeleton (D:5)
  A quokka zombie (D:9)
  8 rats
303 creatures vanquished.

Vanquished Creatures (collateral kills)
  A black bear (D:9)
1 creature vanquished.

Vanquished Creatures (others)
  A hog (D:9)
  3 fungi (D:11)
4 creatures vanquished.

Grand Total: 308 creatures vanquished

Notes
Turn   | Place    | Note
-------+----------+-------------------------------------------
     0 | D:1      | funkygono the Minotaur Fighter began the quest for the Orb.
     0 | D:1      | Reached XP level 1. HP: 19/19 MP: 0/0
   232 | D:1      | Reached XP level 2. HP: 27/27 MP: 1/1
   796 | D:2      | Reached skill level 3 in Maces & Flails
   803 | D:2      | Reached XP level 3. HP: 33/33 MP: 2/2
  1010 | D:2      | Reached XP level 4. HP: 36/40 MP: 3/3
  1279 | D:2      | Found a shimmering blue altar of Sif Muna.
  1381 | D:2      | Found a faded altar of an unknown god.
  1462 | D:2      | Found a radiant altar of Vehumet.
  1464 | D:2      | Found a bloodstained altar of Trog.
  2213 | D:3      | Noticed an ogre
  2221 | D:3      | Killed an ogre
  2221 | D:3      | Reached skill level 4 in Maces & Flails
  2221 | D:3      | Reached skill level 1 in Dodging
  2221 | D:3      | Reached XP level 5. HP: 21/47 MP: 4/4
  2453 | D:3      | Reached skill level 5 in Shields
  2610 | D:3      | Found a runed translucent gate.
  2611 | D:3      | Found a runed translucent gate.
  2611 | D:3      | Found an opulent altar of Gozag.
  2612 | D:3      | Found a runed translucent gate.
  2614 | D:3      | Noticed Raspi's ghost (amateur HOFi)
  2891 | D:3      | Killed Raspi's ghost
  2891 | D:3      | Reached skill level 5 in Maces & Flails
  2891 | D:3      | Reached skill level 5 in Armour
  2891 | D:3      | Reached XP level 6. HP: 40/53 MP: 5/5
  3031 | D:4      | Found Aretz's Gadget Boutique.
  3038 | D:4      | Noticed Menkaure
  3048 | D:4      | Killed Menkaure
  3048 | D:4      | Reached skill level 6 in Maces & Flails
  3048 | D:4      | Reached XP level 7. HP: 31/60 MP: 6/6
  3275 | D:4      | Found a staircase to the Ecumenical Temple.
  3292 | Temple   | Entered the Ecumenical Temple
  3305 | Temple   | Became a worshipper of Warmaster Okawaru
  3334 | D:4      | Noticed Eustachio
  3372 | D:4      | Killed Eustachio
  3372 | D:4      | Reached skill level 1 in Stealth
  3631 | D:4      | Reached skill level 5 in Fighting
  4019 | D:4      | Found a glowing silver altar of Zin.
  4033 | D:4      | Reached * piety under Okawaru
  4139 | D:5      | Entered Level 5 of the Dungeon
  4139 | D:5      | Noticed Ijyb
  4160 | D:5      | Killed Ijyb
  4262 | D:5      | Reached skill level 7 in Maces & Flails
  4262 | D:5      | Reached XP level 8. HP: 67/68 MP: 7/7
  4267 | D:5      | Got a steaming leather armour
  4278 | D:5      | Identified the +0 leather armour "Ulyagguaho" {rElec rPois
                  | Regen+ Stlth+} (You found it on level 5 of the Dungeon)
  4341 | D:5      | Found Jaeraf's Distillery.
  4451 | D:5      | Noticed Blork the orc
  4494 | D:5      | Killed Blork the orc
  4672 | D:5      | Noticed Grinder
  4682 | D:5      | Killed Grinder
  4682 | D:5      | Reached skill level 8 in Maces & Flails
  4723 | D:5      | Found a basalt altar of Yredelemnul.
  4783 | D:5      | Found a runed translucent door.
  4784 | D:5      | Noticed Crazy Yiuf
  4793 | D:5      | Killed Crazy Yiuf
  5367 | D:6      | Reached ** piety under Okawaru
  5396 | D:6      | Found a white marble altar of Elyvilon.
  5700 | D:7      | Reached skill level 9 in Maces & Flails
  5700 | D:7      | Reached XP level 9. HP: 75/75 MP: 8/8
  5749 | D:7      | Found Vezecri's Weapon Shop.
  5770 | D:7      | Found Xydghy's Assorted Antiques.
  5801 | D:7      | Found Meppef's Jewellery Shop.
  6174 | D:7      | Found Cuew Nao's Antique Armour Shop.
  6323 | D:7      | Noticed Joseph
  6333 | D:7      | Killed Joseph
  6333 | D:7      | Reached skill level 10 in Maces & Flails
  6402 | D:7      | Found a shadowy altar of Dithmenos.
  6420 | D:7      | Found Inyud's Antique Weapon Emporium.
  6704 | D:8      | Noticed Erica
  6712 | D:8      | Killed Erica
  6712 | D:8      | Reached *** piety under Okawaru
  6742 | D:8      | Reached XP level 10. HP: 86/86 MP: 6/9
  6848 | D:8      | Found a blossoming altar of Fedhas.
  6896 | D:8      | You fall into a shaft and drop 1 floor!
  7241 | D:9      | Reached skill level 11 in Maces & Flails
  7241 | D:9      | Reached skill level 1 in Invocations
  7487 | D:9      | Reached skill level 5 in Stealth
  7489 | D:9      | Reached **** piety under Okawaru
  7539 | D:9      | Noticed Grum
  7582 | D:9      | Killed Grum
  7589 | D:9      | Noticed Harold
  7605 | D:9      | Killed Harold
  7605 | D:9      | Reached skill level 1 in Evocations
  7818 | D:9      | Noticed an orc knight
  7841 | D:9      | Noticed a centaur warrior
  7844 | D:9      | Identified the Grimoire of Dislocation and Execration
  7856 | D:9      | Killed an orc knight
  7856 | D:9      | Reached skill level 12 in Maces & Flails
  7864 | D:9      | Killed a centaur warrior
  7864 | D:9      | Reached ***** piety under Okawaru
  7864 | D:9      | Reached XP level 11. HP: 65/95 MP: 8/11
  7881 | D:9      | Got a pair of brightly glowing boots
  7887 | D:9      | Identified the cursed +0 pair of boots "Muttis" {*Corrode
                  | rElec rN+} (You found it on level 9 of the Dungeon)
  7888 | D:9      | Got a smoking scale mail
  7899 | D:9      | Identified the cursed +0 scale mail "Xacvuifofu" {+Fly
                  | rCorr Dex+3} (You found it on level 9 of the Dungeon)
  8137 | D:9      | Noticed a two-headed ogre
  8144 | D:9      | Killed a two-headed ogre
  8206 | D:9      | Got a transparent long sword
  8208 | D:9      | Identified the +8 long sword of Kismet {drain, +Blink rPois
                  | Str-2} (You found it on level 9 of the Dungeon)
  8217 | D:10     | Entered Level 10 of the Dungeon
  8463 | D:10     | Received a gift from Okawaru
  8697 | D:10     | Reached skill level 1 in Long Blades
  8697 | D:10     | Reached skill level 10 in Shields
  8841 | D:10     | Noticed Snorg
  8856 | D:10     | Killed Snorg
  8856 | D:10     | Reached skill level 5 in Dodging
  9753 | D:11     | Found a staircase to the Lair.
 10038 | D:11     | Found a staircase to the Orcish Mines.
 10307 | D:11     | Noticed a tengu warrior
 10307 | D:11     | Noticed a tengu warrior
 10322 | D:11     | Killed a tengu warrior
 10322 | D:11     | Received a gift from Okawaru
 10322 | D:11     | Reached skill level 13 in Maces & Flails
 10322 | D:11     | Slain by a tengu warrior

Illustrated notes

Levels and vault maps discovered:
D:1:      mrwooster_arrival_statue_3, layout_rooms, minmay_hexomino_p4
D:2:      layout_loops_ring, old_standard_altar, minitemple, first_ration,
          chequers_ecumenical_altar_grove, serial_bayou_pond_b
D:3:      layout_loops_ring, ebering_ghost_gozag
D:4:      layout_basic, minmay_temple_entry_water_ring, serial_shops, shop,
          minmay_ruined_shrine, uniq_menkaure, uniq_eustachio
D:5:      layout_cave_pools, lemuel_coloured_pillars_altar, serial_shops, shop,
          hangedman_abyss_or_decor_stagger, uniq_ijyb, uniq_crazy_yiuf_cottage,
          uniq_blork_the_orc, uniq_grinder
D:6:      layout_loops_ring, elyvilon_altar_5, minmay_between
D:7:      black_bear_nest_2, layout_gridville, grunt_dithmenos_shadows,
          serial_shops, shop, nicolae_shop_competitors_out_of_business,
          nicolae_shop_statue_plus, nicolae_shop_stone, shop, uniq_joseph
D:8:      layout_cave_pools, overflow_temple_1_default, uniq_erica
D:9:      minmay_the_grid_3x2 [minmay_the_grid_medium_cups,
          minmay_the_grid_minigrid_small_alt, minmay_the_grid_embedded,
          minmay_the_grid_slots, minmay_the_grid_zigzag_pyramid,
          minmay_the_grid_prize_diamond_cup], layout_rooms, grunt_livestock,
          uniq_harold, uniq_grum
D:10:     layout_gridville, serial_ice, serial_ice_c, serial_ice_f,
          serial_ice_e, serial_ice_g, eino_jars, uniq_snorg
D:11:     layout_stronghold, due_lair_maze_entry_diamond, zombieorc2_lemuel
Temple:   minmay_freezing_vapour_temple

Skill      XL: |  1  2  3  4  5  6  7  8  9 10 11 |
---------------+----------------------------------+-----
Armour         | 4 5 6 7 8 |  8.0
Fighting       | 4 5 6 7 8 9 |  9.6
Maces & Flails | 3 4 5 6 7 9 10 12 13 | 13.0
Shields        | 4 5 6 7 8 9 10 | 10.7
Dodging        | 1 2 3 4 5 |  5.1
Stealth        | 1 2 4 5 |  5.8
Invocations    | 2 |  2.8
Evocations     | 1 |  1.4
Long Blades    | 3 |  3.6

Action                   |  1- 3 |  4- 6 |  7- 9 | 10-12 || total
-------------------------+-------+-------+-------+-------++-------
Melee: Flail             |   108 |   117 |   146 |    82 ||   453
       Headbutt          |    11 |    13 |    49 |    73 ||   146
       Morningstar       |       |       |   113 |   191 ||   304
       Long sword        |       |       |       |    95 ||    95
Invok: Heroism           |       |       |     9 |    22 ||    31
       Finesse           |       |       |       |     1 ||     1
Evoke: Wand              |       |       |     2 |    12 ||    14
       Phial of floods   |       |       |       |     1 ||     1
  Use: Scroll            |     4 |     6 |    12 |     6 ||    28
       Potion            |       |     1 |       |     1 ||     2
 Stab: Sleeping          |       |       |    17 |     7 ||    24
  Eat: Chunk             |     1 |     6 |     9 |    13 ||    29
       Ration            |       |       |     1 |     1 ||     2
Armor: Scale mail        |    47 |    28 |       |    71 ||   146
       Plate armour      |       |     6 |    70 |       ||    76
       Leather armour    |       |       |    10 |     2 ||    12
Dodge: Dodged            |    32 |    35 |    74 |   111 ||   252
Block: Kite shield       |    77 |    62 |   146 |   259 ||   544
       Rpst.: Long sword |       |       |       |    11 ||    11
